 Dungeon Crawl Stone Soup version 0.25-a0-435-g4b9beb1024 (webtiles) character file.

Game seed: 8664069019175232873, levelgen mode: deterministic

256 Elellon the Conjurer (level 5, 0/28 HPs)
             Began as a Deep Elf Conjurer on Jan 28, 2020.
             Slain by a goblin (1 damage)
             ... led by Robin
             ... on level 2 of the Dungeon.
             The game lasted 00:04:43 (2793 turns).

Elellon the Conjurer (Deep Elf Conjurer)            Turns: 2793, Time: 00:04:44

Health: 0/28       AC:  2    Str:  6    XL:     5   Next: 92%
Magic:  12/15      EV: 13    Int: 20    God:
Gold:   121        SH:  0    Dex: 15    Spells: 13/16 levels left

rFire    . . .     SeeInvis .   d - +0 short sword
rCold    . . .     Gourm    .   (no shield)
rNeg     . . .     Faith    .   a - +0 robe
rPois    .         Spirit   .   (no helmet)
rElec    .         Reflect  .   (no cloak)
rCorr    .         Harm     .   (no gloves)
MR       .....                  (no boots)
Stlth    ++........             (no amulet)
HPRegen  0.09/turn              (no ring)
MPRegen  0.14/turn              (no ring)

@: no status effects
A: no striking features
a: no special abilities


You were on level 2 of the Dungeon.
You were hungry.

You visited 1 branch of the dungeon, and saw 2 of its levels.

You collected 121 gold pieces.

Inventory:

Hand Weapons
 d - a +0 short sword (weapon)
Armour
 a - a +0 robe (worn)
Jewellery
 b - an uncursed ring of protection from magic {unknown}
Scrolls
 e - a scroll of fear {unknown}
 g - 3 scrolls of identify {unknown}
 j - a scroll of remove curse {unknown}
Potions
 f - a potion of haste {unknown}
 h - a potion of degeneration {unknown}
 i - a potion of flight {unknown}
 k - a potion of lignification {unknown}
 l - a potion of might {unknown}
 m - a potion of curing {unknown}
Comestibles
 c - 5 rations
 n - 4 chunks of flesh


   Skills:
 - Level 2.4 Dodging
 - Level 2.4 Stealth
 + Level 6.2 Spellcasting
 + Level 6.4 Conjurations


You had 13 spell levels left.
You knew the following spells:

 Your Spells              Type           Power        Failure   Level  Hunger
a - Magic Dart            Conj           ####         1%          1    None
b - Searing Ray           Conj           ####..       1%          2    None

Your spell library contained the following spells:

 Spells                   Type           Power        Failure   Level  Hunger
 Dazzling Flash           Conj/Hex       ###...       9%          3    ##.....
 Fulminant Prism          Conj/Hex       ###.......   26%         4    ####...
 Iskenderun's Mystic Bla  Conj/Tloc      ###.....     26%         4    ####...


Dungeon Overview and Level Annotations

Branches:
Dungeon (2/15)

Altars:
Okawaru
Zin

Annotations:
D:2 Robin


Message History

The goblin barely misses you. Robin throws the goblin at you!
You miss the goblin.
The goblin is moderately wounded.
The goblin no longer looks unusually strong. x2
The goblin misses you.
The goblin hits you but does no damage. x2
The goblin barely misses you.
You hit the goblin.
You kill the goblin!
The goblin no longer looks unusually strong.
The hobgoblin no longer looks unusually strong.
The goblin misses you. The goblin barely misses you.
The goblin closely misses you. x3
Robin throws the goblin at you!
You see here a +0 club.
The goblin closely misses you. Robin throws the goblin at you!
* * * LOW HITPOINT WARNING * * *
You hit the goblin.
The goblin is heavily wounded.
The hobgoblin barely misses you. The goblin hits you.
You die...

......#....#.....###.##....#
...g..#....#.....)........####
..g.. #...........##'##.#.....
...gg #..........>#...#.......
.).g ##.......g..#...#.#.....
.g.. #####..g..##...#.##....
####.gg..##...#.##....
#....g######'##.##.... #...g@#
##.##.......
#....g#####....##.####
##......#.....#.##..#..
#≈≈≈....#.(...÷.##..#..
#≈≈≈≈≈........##........
≈≈≈≈≈≈≈..#.##.######.##.
≈≈≈_.....#.#### #.##.
≈≈≈≈≈≈≈..### #.##. #≈≈≈≈≈####
#....


You could see Robin, 2 hobgoblins and 4 goblins.

Vanquished Creatures
  Jessica (D:2)
  Natasha (thrice) (D:2)
  A worker ant (D:2)
  6 adders (D:2)
  3 worms (D:2)
  5 leopard geckos
  8 bats
  3 giant cockroaches
  6 goblins
  8 hobgoblins
  4 jackals (D:1)
  10 kobolds
  7 frilled lizards
  3 rats
68 creatures vanquished.

Notes
Turn   | Place    | Note
-------+----------+-------------------------------------------
     0 | D:1      | Elellon the Deep Elf Conjurer began the quest for the Orb.
     0 | D:1      | Reached XP level 1. HP: 10/10 MP: 6/6
   238 | D:1      | Reached XP level 2. HP: 13/15 MP: 2/8
   891 | D:1      | Reached XP level 3. HP: 19/19 MP: 6/10
   892 | D:1      | Reached skill level 5 in Conjurations
  1428 | D:2      | Noticed Jessica
  1840 | D:2      | Learned a level 2 spell: Searing Ray
  1867 | D:2      | Found a glowing silver altar of Zin.
  1894 | D:2      | Reached XP level 4. HP: 24/24 MP: 9/12
  2059 | D:2      | Killed Jessica
  2059 | D:2      | Reached skill level 5 in Spellcasting
  2060 | D:2      | Noticed Natasha
  2069 | D:2      | Killed Natasha
  2071 | D:2      | Noticed Natasha
  2175 | D:2      | Killed Natasha
  2175 | D:2      | Reached XP level 5. HP: 28/28 MP: 12/15
  2397 | D:2      | Noticed Natasha
  2402 | D:2      | Killed Natasha
  2537 | D:2      | Found an iron altar of Okawaru.
  2670 | D:2      | Found an iron altar of Okawaru.
  2764 | D:2      | Noticed Robin
  2792 | D:2      | HP: 1/28 [Robin/goblin (3)]
  2793 | D:2      | Slain by a goblin

Levels and vault maps discovered:
D:1:      lemuel_arrival_muddy, layout_basic, corner_web_ring,
          minmay_split_cup_small
D:2:      layout_basic, zin_scriptorium, okawaru_metal_pillars_1_2,
          lemuel_doored_altar, grunt_ministairs_3, lemuel_altar_in_water2,
          uniq_natasha, uniq_robin, uniq_jessica

Skill      XL: |  1  2  3  4  5 |
---------------+----------------+-----
Spellcasting   | 4 5 6 |  6.2
Conjurations   | 5 6 |  6.4
Dodging        | |  2.4
Stealth        | |  2.4

Action                   |  1- 3 |  4- 6 || total
-------------------------+-------+-------++-------
Melee: Unarmed           |    12 |       ||    12
       Short sword       |       |     5 ||     5
 Cast: Magic Dart        |    78 |    54 ||   132
       Searing Ray       |       |     7 ||     7
  Eat: Chunk             |     3 |     2 ||     5
Armor: Robe              |     9 |     4 ||    13
Dodge: Dodged            |    29 |    23 ||    52

Table legend:
 A = Non-vault XP
 B = Vault XP
 C = Vault XP percentage of total XP
 D = Non-vault monster count
 E = Vault monster count
 F = Vault count percentage of total count
                 A         B        C        D         E       F
            +---------+---------+-------+---------+---------+-------
      Total |     261 |     105 |  28.7 |      55 |      13 |  19.1
            +---------+---------+-------+---------+---------+-------
        D:1 |      49 |       6 |  10.9 |      29 |       3 |   9.4
        D:2 |     212 |      99 |  31.8 |      26 |      10 |  27.8
            +---------+---------+-------+---------+---------+-------
